 Dungeon Crawl Stone Soup version 0.30-a0-857-gcaf70739d4 (webtiles) character file.

Game seed: 15470113416433839960

60 cforsyth the Magician (level 3, -1/19 HPs)
             Began as a Deep Elf Earth Elementalist on Mar 6, 2023.
             Slain by Terence
             ... wielding a +0 flail
              (10 damage)
             ... on level 3 of the Dungeon.
             The game lasted 00:02:47 (2397 turns).

cforsyth the Magician (Deep Elf Earth Elementalist) Turns: 2397, Time: 00:02:47

Health: -1/19      AC:  2    Str:  5    XL:     3   Next: 82%
Magic:  8/11       EV: 12    Int: 21    God:
Gold:   101        SH:  0    Dex: 15    Spells: 10/11 levels left

rFire   . . .      SeeInvis .    (no weapon)
rCold   . . .      Faith    .    (no shield)
rNeg    . . .      Spirit   .    a - +0 robe
rPois   .          Reflect  .    (no helmet)
rElec   .          Rampage  .    (no cloak)
rCorr   +                        (no gloves)
Will    +....                    (no boots)
Stlth   ++                       (no amulet)
HPRegen 0.23/turn                i - ring of willpower
MPRegen 0.12/turn                c - ring of resist corrosion

@: no status effects
A: no striking features
a: no special abilities


You were on level 3 of the Dungeon.
You visited 1 branch of the dungeon, and saw 3 of its levels.

You collected 101 gold pieces.

Inventory:

Armour
 a - a +0 robe (worn)
Jewellery
 c - a ring of resist corrosion (right hand)
 i - a ring of willpower (left hand)
 k - a ring of wizardry
Scrolls
 g - a scroll of immolation {unknown}
 h - a scroll of identify {unknown}
 j - 2 scrolls of fear {unknown}
 m - a scroll of butterflies {unknown}
Potions
 b - 3 potions of magic
 d - a potion of lignification {unknown}
 e - a potion of resistance {unknown}
 f - 2 potions of might {unknown}
 l - a potion of haste {unknown}


   Skills:
 - Level 2.4 Dodging
 - Level 2.4 Stealth
 + Level 4.6 Spellcasting
 - Level 1.1 Transmutations
 + Level 4.4 Earth Magic


You had 10 spell levels left.
You knew the following spells:

 Your Spells              Type           Power      Damage    Failure   Level
a - Sandblast             Erth           46%        2d11      1%          1

Your spell library contained the following spells:

 Spells                   Type           Power      Damage    Failure   Level
 Passwall                 Tmut/Erth      13%        N/A       5%          2
 Stone Arrow              Conj/Erth      28%        3d8       14%         3
 Dazzling Flash           Conj/Hex       8%         N/A       34%         3
 Petrify                  Tmut/Erth      16%        N/A       36%         4
 Agony                    Necr           4%         N/A       97%         5
 Silence                  Hex/Air        2%         N/A       97%         5


Dungeon Overview and Level Annotations

Branches:
Dungeon (3/15)

Altars:

Shops:
D:1 ?   D:2 :

Annotations:
D:3 Terence


Message History

You can't see any susceptible monsters within range! (Use Z to cast anyway.)
You can't see any susceptible monsters within range! (Use Z to cast anyway.)
You can't see any susceptible monsters within range! (Use Z to cast anyway.)
You can't see any susceptible monsters within range! (Use Z to cast anyway.)
You can't see any susceptible monsters within range! (Use Z to cast anyway.)
The blast of sand hits the adder!
You kill the adder!
You can't see any susceptible monsters within range! (Use Z to cast anyway.)
You can't see any susceptible monsters within range! (Use Z to cast anyway.)
m - a scroll labelled SEOHEO XIHOHUAST
Found 8 stones and a sling.
A kobold comes into view. It is wielding a +0 whip.
A kobold is nearby!
The blast of sand hits the kobold!
You kill the kobold!
You can't see any susceptible monsters within range! (Use Z to cast anyway.) Terence the Incautious comes into view.
He is wielding a +0 flail and wearing a +1 chain mail of fire resistance.
Terence shouts!
Terence is nearby!
Terence is nearby!
Terence is nearby!
The blast of sand hits Terence!
Terence is moderately wounded.
Terence barely misses you.
The blast of sand hits Terence.
Terence is heavily wounded.
Terence hits you with a +0 flail!
Ouch! That really hurt!
You are too injured to fight recklessly!
You are too injured to fight recklessly!
Casting: Sandblast (safe; 1% risk of failure)
Confirm with . or Enter, or press ? or * to list all spells.
Aiming: Sandblast (safe; 1% risk of failure)
Press: ? - help, Shift-Dir - straight line, f/p - Terence
Aim: Terence, wielding a +0 flail and wearing a +1 chain mail of fire resistance (heavily wounded, 87% to hit)
The blast of sand hits Terence but does no damage.
Terence is heavily wounded.
Terence hits you with a +0 flail!
Ouch! That really hurt!
You die...

... #.# ... #.#
#.# ##.#####
#.....)##
##......#####.#
##...........#
##.#....###.##
####..@@....#
##.#.....#
####.#..# ## .#


You could see Terence.

Vanquished Creatures
  3 adders
  A dart slug (D:1)
  4 bats
  2 endoplasms
  A giant cockroach (D:1)
  4 hobgoblins
  2 jackals (D:1)
  5 ball pythons
  4 frilled lizards
  4 kobolds
  3 rats (D:1)
33 creatures vanquished.

Notes
Turn   | Place    | Note
-------+----------+-------------------------------------------
     0 | D:1      | cforsyth the Deep Elf Earth Elementalist began the quest
                  | for the Orb.
     0 | D:1      | Reached XP level 1. HP: 10/10 MP: 6/6
   186 | D:1      | Reached XP level 2. HP: 7/15 MP: 0/8
   840 | D:1      | Found Yrrucus's Magic Scroll Emporium.
  1405 | D:2      | Found Ymnuskei's Book Emporium.
  1468 | D:2      | Reached XP level 3. HP: 19/19 MP: 7/10
  2392 | D:3      | Noticed Terence
  2397 | D:3      | Slain by Terence

Illustrated notes

Levels and vault maps discovered:
D:1:      dpeg_arrival_short_road, layout_loops_corners, serial_shops,
          nicolae_diamond_shop, kennysheep_decorative_pillar,
          minmay_misc_feat_plants, serial_bayou_pond_b, serial_bayou_ford_a,
          minmay_pentomino_q2
D:2:      layout_basic, serial_shops, shop, hangedman_glass_teeth,
          columned_hall_lemuel, kennysheep_nondescript,
          chequers_decorated_corner
D:3:      layout_basic, hellmonk_ecumenical_altar_lost_god,
          nicolae_figureground_pulse, uniq_terence

Skill      XL: |  1  2 |
---------------+-------+-----
Spellcasting   | 4 |  4.6
Earth Magic    | 4 |  4.4
Dodging        | |  2.4
Stealth        | |  2.4
Transmutations | |  1.1

Action                     || total
---------------------------++-------
  Melee: Unarmed           ||     3
   Cast: Sandblast         ||    49
 Armour: Robe              ||     5
  Dodge: Dodged            ||    17

Table legend: (Time is in decaauts)
 A = Elapsed time spent in this place.
 B = Non-inter-level travel time spent in this place.
 C = Inter-level travel time spent in this place.
 D = Time resting spent in this place.
 E = Time spent auto-exploring this place.
 F = Levels seen in this place.
 G = Mean time per level.
                   A        B        C        D        E       F      G
               +--------+--------+--------+--------+--------+-----+--------+
         Total |   2429 |   2383 |     46 |     70 |   2122 |   3 |  809.7 |
       Dungeon |   2429 |   2383 |     46 |     70 |   2122 |   3 |  809.7 |
               +--------+--------+--------+--------+--------+-----+--------+

Top non-repeatable levels by time:
     D:2: 1170 daAuts
     D:1: 1124 daAuts
     D:3: 134 daAuts
